 Dungeon Crawl Stone Soup version 0.14-a0-3367-g7c2a7eb (webtiles) character file.

255 MrRokkomies the Insei (level 5, -3/37 HPs)
             Began as a Demonspawn Transmuter on Mar 19, 2014.
             Slain by a gnoll
             ... wielding a +0,+0 spear
              (4 damage)
             ... on Level 3 of the Dungeon.
             The game lasted 00:06:13 (3088 turns).

MrRokkomies the Insei (Demonspawn Transmuter)       Turns: 3088, Time: 00:06:13

HP  -3/37        AC  5     Str 10      XL: 5   Next: 39%
MP   8/9         EV 12     Int 15      God:
Gold 67          SH  0     Dex 14      Spells:  2 memorised,  4 levels left

rFire  . . .     SeeInvis .       - Unarmed
rCold  . . .     Clarity  .     c - +0 robe
rNeg   . . .     Conserve .     (no shield)
rPois  .         rCorr    .     (helmet restricted)
rElec  .         rRot     .     o - +2 cloak
SustAb . .       Spirit   .     (no gloves)
rMut   .         Warding  .     (boots unavailable)
Saprov . . .     Stasis   .     (no amulet)
MR     .....                    (no ring)
                                (no ring)

@: appendage, very slightly contaminated, not resistant to hostile enchantments,
unstealthy
A: horns 2, talons 3, demonic guardian 1, powered by pain 1
a: End Transformation


You were on level 3 of the Dungeon.
You were not hungry.
You had grown temporary talons.
You visited 1 branch of the dungeon, and saw 3 of its levels.

You collected 67 gold pieces.

Inventory:

Hand weapons
 e - a +0 blowgun
 p - a +1,+2 whip of electrocution
Missiles
 b - 12 arrows
 i - 17 poisoned needles
 l - 8 darts of frost (quivered)
Armour
 c - a +0 robe (worn)
 o - a +2 cloak (worn)
Comestibles
 a - 3 bread rations
 f - a lychee
 h - 4 meat rations
 j - a rotting chunk of rat flesh
 m - a chunk of giant newt flesh
 n - 10 grapes
Scrolls
 g - a scroll of remove curse
 q - a scroll of teleportation {unknown}
Potions
 k - a potion of restore abilities
 r - 3 potions of curing {unknown}
Books
 d - a book of Changes

   Spells                             Type                      Level
   *Beastly Appendage                 Transmutation                1
   Sticks to Snakes                   Transmutation                2
   *Spider Form                       Transmutation/Poison         3
   Ice Form                           Ice/Transmutation            4
   Blade Hands                        Transmutation                5


   Skills:
 - Level 1.0 Fighting
 - Level 1.7 Dodging
 + Level 4.6 Unarmed Combat
 - Level 2.0 Spellcasting
 * Level 3.4 Transmutations


You had 4 spell levels left.
You knew the following spells:

 Your Spells              Type           Power        Failure   Level  Hunger
a - Beastly Appendage     Trmt           ##....       8%          1    #......
b - Spider Form           Trmt/Pois      #.........   34%         3    ####...


Dungeon Overview and Level Annotations

Branches:
Dungeon (3/15)

Altars:
Fedhas
Nemelex Xobeh


Innate Abilities, Weirdness & Mutations

You have a pair of horns on your head.*
A weak demonic guardian rushes to your aid.
You sometimes gain a little power by taking damage.
You have claws for feet.*


Message History

a spear; a gnoll corpse You barely miss the gnoll.
Your headbutt misses the gnoll. The gnoll hits you with a spear.
The gnoll misses you.
You hit the gnoll. You claw the gnoll.
The gnoll is heavily wounded.
The gnoll hits you but does no damage. The gnoll closely misses you.
You hit the gnoll. You claw the gnoll, but do no damage.
The gnoll is almost dead.
The gnoll completely misses you.
You barely miss the gnoll.
The gnoll is almost dead.
The gnoll hits you but does no damage. The gnoll hits you with a spear.
* * * LOW HITPOINT WARNING * * *
You hit the gnoll.
You kill the gnoll!
The gnoll hits you from afar with a spear!
* * * LOW HITPOINT WARNING * * *
A rat comes into view.
The gnoll hits you from afar with a spear.
You die...

..#####.####.##
+.....# #.#
####### #.# #..
#.# #)# #.# #r#
#.# #g# #.# #.#
#.#
#@#######.##
#..........#
############


You could see a gnoll and a rat.

Vanquished Creatures
  Natasha (D:3)
  3 adders
  6 gnolls
  2 worms (D:3)
  An ooze (D:2)
  8 goblins
  8 hobgoblins
  A quokka (D:2)
  2 ball pythons
  6 bats (D:2)
  2 giant cockroaches
  5 giant newts
  14 kobolds
  6 rats
65 creatures vanquished.

Vanquished Creatures (collateral kills)
  Jessica (D:3)
  A giant cockroach (D:3)
2 creatures vanquished.

Vanquished Creatures (others)
  A quasit (D:3)
  An ufetubus (D:2)
2 creatures vanquished.

Grand Total: 69 creatures vanquished

Notes
Turn   | Place    | Note
--------------------------------------------------------------
     0 | D:1      | MrRokkomies, the Demonspawn Transmuter, began the quest for the Orb.
     0 | D:1      | Reached XP level 1. HP: 15/15 MP: 3/3
   191 | D:1      | Reached skill level 3 in Unarmed Combat
   209 | D:1      | Gained mutation: You have a pair of small horns on your head. [demonic ancestry]
   209 | D:1      | Reached XP level 2. HP: 18/21 MP: 4/4
   833 | D:2      | Gained mutation: You have a pair of horns on your head. [demonic ancestry]
   833 | D:2      | Reached XP level 3. HP: 16/26 MP: 4/6
   838 | D:2      | Learned a level 3 spell: Spider Form
  1285 | D:2      | Found a blossoming altar of Fedhas.
  1286 | D:2      | Found a sparkling altar of Nemelex Xobeh.
  2123 | D:2      | Gained mutation: A weak demonic guardian rushes to your aid. [demonic ancestry]
  2123 | D:2      | Reached XP level 4. HP: 22/32 MP: 5/7
  2129 | D:2      | Reached skill level 4 in Unarmed Combat
  2777 | D:3      | Noticed Jessica
  2784 | D:3      | Noticed Natasha
  2785 | D:3      | Killed Jessica
  2795 | D:3      | Killed Natasha
  2795 | D:3      | Gained mutation: You sometimes gain a little power by taking damage. [demonic ancestry]
  2795 | D:3      | Reached XP level 5. HP: 16/37 MP: 9/9
  3085 | D:3      | HP: 1/37 [gnoll/spear (9)]
  3088 | D:3      | Slain by a gnoll

Action                   |  1- 3 |  4- 6 || total
-------------------------+-------+-------++-------
Melee: Unarmed           |   142 |    58 ||   200
 Cast: Beastly Appendage |     8 |     5 ||    13
  Use: Scroll            |     1 |     3 ||     4
       Potion            |       |     2 ||     2
